 Dungeon Crawl Stone Soup version 0.31.0-12-g77e489cdc1 (webtiles) character file.

Game seed: 10521052202164703115

277 lordive the Slasher (level 6, -8/55 HPs)
             Began as a Minotaur Monk on Mar 2, 2024.
             Mangled by an ogre
             ... wielding a +0 giant club
              (18 damage)
             ... on level 4 of the Dungeon.
             The game lasted 00:04:12 (2546 turns).

lordive the Slasher (Minotaur Monk)                 Turns: 2546, Time: 00:04:13

Health: -8/55      AC: 11    Str: 15    XL:     6   Next: 4%
Magic:  5/5        EV:  6    Int:  7    God:
Gold:   156        SH:  8    Dex: 15    Spells: 5/5 levels left

rFire   . . .        a - +0 falchion
rCold   . . .        g - +0 kite shield
rNeg    . . .        n - +0 chain mail
rPois   .            (helmet restricted)
rElec   .            (no cloak)
rCorr   .            (no gloves)
SInv    .            b - +1 pair of boots
Will    +....        (no amulet) Stlth
                     s - ring of willpower
HPRegen 0.29/turn    (no ring)
MPRegen 0.09/turn

%: no passive effects
@: no status effects
A: horns 2, retaliatory headbutt
a: no special abilities


You were on level 4 of the Dungeon.
You visited 1 branch of the dungeon, and saw 4 of its levels.

You collected 211 gold pieces.
You spent 55 gold pieces at shops.

Inventory:

Hand Weapons
 a - a +0 falchion (weapon)
Armour
 b - a +1 pair of boots (worn)
 d - a +0 leather armour
 g - a +0 kite shield (worn)
 n - a +0 chain mail (worn)
Jewellery
 s - a ring of willpower (left hand)
 x - a ring of protection from cold
Scrolls
 e - a scroll of summoning {unknown}
 f - a scroll of brand weapon {unknown}
 l - 2 scrolls of revelation {unknown}
 m - a scroll of torment {unknown}
 q - 2 scrolls of enchant armour {unknown}
 v - a scroll of teleportation
 w - a scroll of poison {unknown}
 y - a scroll of fog {unknown}
Potions
 c - a potion of lignification
 h - 2 potions of curing
 i - 2 potions of magic
 j - a potion of heal wounds {unknown}
 k - a potion of degeneration {unknown}
 o - a potion of attraction {unknown}
 p - a potion of resistance {unknown}
 r - 2 potions of ambrosia
 t - 3 potions of haste {unknown}
 u - a potion of enlightenment {unknown}
 z - a potion of might {unknown}


   Skills:
 + Level 4.9 Fighting
 + Level 5.5 Long Blades
 + Level 2.8 Armour
 + Level 4.2 Dodging
 + Level 2.1 Shields


You had 5 spell levels left.
You didn't know any spells.
Your spell library contained the following spells:

 Spells                   Type           Power      Damage    Failure   Level
 Apportation              Tloc           0%         N/A       100%        1
 Necrotise                Necr           0%         1d4       100%        1
 Sting                    Conj/Alch      0%         1d3       100%        1
 Summon Small Mammal      Summ           0%         N/A       100%        1
 Manifold Assault         Tloc           0%         N/A       100%        4
 Alistair's Intoxication  Alch           0%         N/A       100%        5
 Borgnjor's Vile Clutch   Necr/Erth      0%         N/A       100%        5
 Dispersal                Tloc           0%         N/A       100%        6
 Eringya's Noxious Bog    Alch           0%         4d6       100%        6
 Disjunction              Tloc           0%         N/A       100%        8


Dungeon Overview and Level Annotations

Branches:
Dungeon (4/15)
 Temple: D:4-7

Altars:
Ashenzari
Hepliaklqana
Nemelex Xobeh
Ru
Sif Muna
Uskayaw

Shops:
D:3 ?


Innate Abilities, Weirdness & Mutations

You have a pair of horns on your head.
You reflexively headbutt those who attack you in melee.


Message History

You see here an adder corpse.
There is a stone staircase leading up here.
An ogre comes into view. It is wielding a +0 giant club.
An ogre is nearby!
An ogre is nearby!
The ogre hits you with a +0 giant club!
You slash the ogre!
You headbutt the ogre, but do no damage.
The ogre is moderately wounded.
The ogre hits you with a +0 giant club!
You hit the ogre.
The ogre is moderately wounded.
You hit the ogre.
The ogre is heavily wounded.
The ogre hits you with a +0 giant club!!
You are too injured to fight recklessly!
You are too injured to fight recklessly!
You are too injured to fight recklessly!
You are too injured to fight recklessly!
You are too injured to fight recklessly!
You are too injured to fight recklessly!
You are too injured to fight recklessly!
You are too injured to fight recklessly!
You are too injured to fight recklessly!
You are too injured to fight recklessly!
You are too injured to fight recklessly!
You are too injured to fight recklessly!
You are too injured to fight recklessly!
You are too injured to fight recklessly!
You are too injured to fight recklessly!
You are too injured to fight recklessly!
You are too injured to fight recklessly!
You are too injured to fight recklessly!
Unknown command.
The ogre attacks as it pursues you! The ogre hits you with a +0 giant club!
* * * LOW HITPOINT WARNING * * *
You hit the ogre. You headbutt the ogre!
The ogre is almost dead.
The ogre hits you with a +0 giant club!!
You die...

### #.#### ##....###
##.......## ####
##.........###....
##.....<....#......
#..†###............
##..## ##...@.......
##....####...O.......
##.......###..........
###..........##.........
#...........###.........
............# ##........
............# #........
<..........## #........
...........# .........


You could see an ogre.

Vanquished Creatures
  A scorpion (D:4)
  A hound (D:4)
  Terence (D:2)
  An iguana (D:4)
  7 adders
  A white imp (D:3)
  3 orcs (D:3)
  5 endoplasms
  A giant cockroach (D:1)
  7 goblins
  6 hobgoblins
  6 jackals
  4 kobolds
  3 quokkas (D:2)
  3 ball pythons
  7 bats
  2 frilled lizards (D:1)
  7 rats
66 creatures vanquished.

Notes
Turn   | Place    | Note
-------+----------+-------------------------------------------
     0 | D:1      | lordive the Minotaur Monk began the quest for the Orb.
     0 | D:1      | Reached XP level 1. HP: 19/19 MP: 0/0
   171 | D:1      | Reached XP level 2. HP: 26/27 MP: 1/1
   232 | D:1      | You fall into a shaft and drop 1 floor!
   264 | D:2      | Reached skill level 4 in Long Blades
   345 | D:2      | Reached XP level 3. HP: 33/33 MP: 2/2
   565 | D:2      | Noticed Terence
   586 | D:2      | Killed Terence
   587 | D:2      | Reached skill level 1 in Armour
   587 | D:2      | Reached XP level 4. HP: 30/41 MP: 3/3
  1304 | D:3      | Reached skill level 1 in Shields
  1387 | D:3      | Found a hazy altar of Hepliaklqana.
  1387 | D:3      | Found a sacrificial altar of Ru.
  1393 | D:3      | Found a shimmering blue altar of Sif Muna.
  1396 | D:3      | Found a broken altar of Ashenzari.
  1435 | D:3      | Found The Oracle's Delphic Readings.
  1439 | D:3      | Bought a scroll of teleportation for 33 gold pieces
  1439 | D:3      | Bought a scroll of identify for 22 gold pieces
  1467 | D:3      | Found a sparkling altar of Nemelex Xobeh.
  1693 | D:3      | Found a hide-covered altar of Uskayaw.
  2198 | D:4      | Noticed a scorpion
  2202 | D:4      | Killed a scorpion
  2203 | D:4      | Reached skill level 5 in Long Blades
  2203 | D:4      | Reached XP level 5. HP: 47/47 MP: 4/4
  2397 | D:4      | Reached XP level 6. HP: 55/55 MP: 5/5
  2546 | D:4      | Mangled by an ogre

Illustrated notes

Levels and vault maps discovered:
D:1:      lightli_arrival_noodles, layout_basic, minmay_octomino_e4
D:2:      layout_rooms, minmay_misc_feat_plants, uniq_terence
D:3:      layout_loops_ring, pf_just_have_faith,
          grunt_temple_overflow_cloverleaf, general_overflow_altar,
          nicolae_nh_oracle_at_delphi
D:4:      layout_cave_pods

Skill      XL: |  1  2  3  4  5 |
---------------+----------------+-----
Long Blades    | 4 5 |  5.5
Fighting       | 4 |  4.9
Armour         | 1 2 |  2.8
Dodging        | 4 |  4.2
Shields        | 1 2 |  2.1

Action                     |  1- 3 |  4- 6 || total
---------------------------+-------+-------++-------
  Melee: Falchion          |    75 |    81 ||   156
         Headbutt          |    13 |    15 ||    28
    Use: Potion            |     1 |       ||     1
         Scroll            |       |     3 ||     3
 Armour: Robe              |    11 |       ||    11
         Leather armour    |    47 |       ||    47
         Chain mail        |       |    51 ||    51
  Dodge: Dodged            |    48 |    23 ||    71
  Block: Kite shield       |    22 |    35 ||    57
